 Dungeon Crawl Stone Soup version 0.31.0-32-g396128a36d (webtiles) character file.

Game seed: 12011810664609892969

15323 Silvore the Basher (level 12, -11/106 HPs)
             Began as a Minotaur Fighter on Mar 27, 2024.
             Was an Elder of the Shining One.
             Mangled by a boulder beetle (14 damage)
             ... on level 12 of the Dungeon.
             The game lasted 00:11:02 (10610 turns).

Silvore the Basher (Minotaur Fighter)              Turns: 10610, Time: 00:11:03

Health: -11/106    AC: 15    Str: 27    XL:     12   Next: 0%
Magic:  11/11      EV: 15    Int:  5    God:    the Shining One [****..]
Gold:   614        SH: 16    Dex:  9    Spells: 11/11 levels left

rFire   . . .        q - +0 mace (holy)
rCold   . . .        n - +0 kite shield
rNeg    + + .        u - +0 chain mail
rPois   .            (helmet restricted)
rElec   .            j - +1 cloak
rCorr   .            (no gloves)
SInv    .            w - +0 pair of boots
Will    .....        p - amulet of reflection Stlth
                     s - +5 ring of evasion
HPRegen 0.37/turn    (no ring)
MPRegen 0.12/turn

%: reflection
@: glowing
A: horns 2, retaliatory headbutt
a: Renounce Religion, Divine Shield, Cleansing Flame


You were on level 12 of the Dungeon.
You worshipped the Shining One.
The Shining One was greatly pleased with you.
You visited 2 branches of the dungeon, and saw 13 of its levels.

You collected 614 gold pieces.

Inventory:

Hand Weapons
 a - a +0 flail
 h - a +0 mace
 q - a +0 mace of holy wrath (weapon)
Armour
 j - a +1 cloak (worn)
 n - a +0 kite shield (worn)
 u - a +0 chain mail (worn)
 w - a +0 pair of boots (worn)
Jewellery
 k - a ring of protection from cold
 l - an amulet of faith
 p - an amulet of reflection (around neck)
 s - a +5 ring of evasion (left hand)
 I - a ring of positive energy
Wands
 b - a wand of iceblast (15)
 c - a wand of flame (22)
 t - a wand of charming (8)
 v - a wand of acid (11)
 y - a wand of polymorph (7)
 E - a wand of mindburst (26)
Scrolls
 o - 5 scrolls of teleportation
 r - 8 scrolls of poison
 x - 5 scrolls of identify
 B - a scroll of immolation
 H - a scroll of fog
Potions
 d - a potion of ambrosia
 e - a potion of resistance
 f - 2 potions of invisibility
 g - a potion of cancellation
 i - 4 potions of lignification
 m - a potion of degeneration
 A - 4 potions of mutation
 C - 4 potions of brilliance
 D - a potion of curing
 F - 3 potions of might
 G - a potion of haste


   Skills:
 + Level 9.7 Fighting
 + Level 13.9 Maces & Flails
 + Level 10.1 Armour
 + Level 5.1 Dodging
 + Level 0.9 Stealth
 + Level 12.9 Shields


You had 11 spell levels left.
You didn't know any spells.
Your spell library contained the following spells:

 Spells                   Type           Power      Damage    Failure   Level
 Apportation              Tloc           0%         N/A       96%         1
 Kiss of Death            Conj/Necr      0%         2d5       96%         1
 Magic Dart               Conj           0%         1d3       96%         1
 Summon Small Mammal      Summ           0%         N/A       96%         1
 Blink                    Tloc           0%         N/A       99%         2
 Call Imp                 Summ           0%         N/A       99%         2
 Jinxbite                 Hex            0%         N/A       99%         2
 Sublimation of Blood     Necr           0%         N/A       99%         2
 Call Canine Familiar     Summ           0%         N/A       100%        3
 Confusing Touch          Hex            0%         N/A       100%        3
 Sigil of Binding         Hex            0%         N/A       100%        3
 Dimensional Bullseye     Hex/Tloc       0%         N/A       100%        4
 Dispel Undead            Necr           0%         3d6       100%        4
 Summon Blazeheart Golem  Fire/Summ      0%         N/A       100%        4
 Vhi's Electric Charge    Tloc/Air       0%         N/A       100%        4
 Alistair's Intoxication  Alch           0%         N/A       100%        5
 Arcjolt                  Conj/Air       0%         1d10      100%        5
 Iskenderun's Battlesphe  Conj           0%         2d6       100%        5
 Bombard                  Conj/Erth      0%         9d1       100%        6
 Spellforged Servitor     Conj/Summ      0%         N/A       100%        7
 Summon Hydra             Summ           0%         N/A       100%        7
 Maxwell's Capacitive Co  Air            0%         ∞         100%        8


Dungeon Overview and Level Annotations

Branches:
Dungeon (12/15)            Temple (1/1) D:5            Lair (0/5) D:9
    Orc (0/2) D:12

Altars:
Ashenzari
Cheibriados
Dithmenos
Elyvilon
Fedhas
Gozag
Hepliaklqana
Kikubaaqudgha
Makhleb
Nemelex Xobeh
Okawaru
Qazlal
Ru
Sif Muna
Trog
Uskayaw
Vehumet
Wu Jian
Xom
Yredelemnul
Zin
The Shining One


Innate Abilities, Weirdness & Mutations

You have a pair of horns on your head.
You reflexively headbutt those who attack you in melee.


Message History

You thump the boulder beetle!
The boulder beetle is almost dead.
You sock the boulder beetle!
You headbutt the boulder beetle, but do no damage.
The boulder beetle is almost dead.
The boulder beetle leaps!
The boulder beetle leaps!
The boulder beetle curls into a ball and begins rolling!
You hit the boulder beetle but do no damage.
You headbutt the boulder beetle, but do no damage.
The boulder beetle is almost dead.
The boulder beetle hits you but does no damage.
The boulder beetle stops rolling and uncurls.
You hit the boulder beetle but do no damage.
You headbutt the boulder beetle, but do no damage.
The boulder beetle is almost dead.
The boulder beetle leaps!
The boulder beetle waves its antennae.
The boulder beetle leaps!
The boulder beetle curls into a ball and begins rolling!
There is an escape hatch in the floor, spattered with blood here.
You hit the boulder beetle but do no damage.
The boulder beetle is almost dead.
You block the boulder beetle's attack.
The boulder beetle stops rolling and uncurls.
You sock the boulder beetle!
You headbutt the boulder beetle, but do no damage.
The boulder beetle is almost dead.
The boulder beetle waves its antennae.
The boulder beetle leaps!
The boulder beetle curls into a ball and begins rolling!
The boulder beetle hits you!!
* * * LOW HITPOINT WARNING * * *
The boulder beetle stops rolling and uncurls.
You hit the boulder beetle but do no damage.
The boulder beetle is almost dead.
The boulder beetle leaps!
There is an escape hatch in the floor, spattered with blood here.
The boulder beetle bites you!
You die...

####.###.####....#.#......#.#.##.
#.# #.# #....#.#......#.#..#.
#.###.# #....#.#......#.# .#.
#.....# #....#.###....#.# #.
##########....#.###.##.
.................
..#####.#......# . #B.......+
#@#......# #.#......# #°#......#
#.#......# #.######.# #.# ... #.#
## #.# #.#


You could see a boulder beetle.

Vanquished Creatures
  Josephine (D:10)
  4 two-headed ogres
  A slime creature (D:12)
  Pikel (D:4)
  The ghost of brilapsti the Destroyer, a novice DrCj (D:6)
  A manticore (D:12)
  2 cyclopes (D:12)
  3 trolls
  2 hornets
  4 wraiths (D:10)
  2 shadows
  22 yaks
  A steam dragon (D:10)
  Menkaure (D:5)
  3 water moccasins
  3 black bears
  An ice beast (D:6)
  4 orc warriors
  2 ogres
  A sky beast (D:6)
  7 centaurs
  A phantom (D:3)
  A kobold brigand (D:5)
  A bullfrog (D:6)
  2 scorpions
  4 gnoll sergeants
  7 wights
  15 killer bees
  4 howler monkeys
  A crimson imp (D:10)
  2 bombardier beetles
  7 orc priests
  A hound (D:3)
  3 jellies
  2 iguanas (D:5)
  A sleepcap (D:6)
  7 orc wizards
  21 gnolls
  5 adders
  3 white imps
  3 dart slugs
  2 ribbon worms
  47 orcs
  12 ball pythons
  3 endoplasms
  5 giant cockroaches
  3 goblins
  7 hobgoblins
  5 jackals
  10 kobolds
  2 quokkas
  5 bats
  3 frilled lizards (D:2)
  3 rats
265 creatures vanquished.

Vanquished Creatures (others)
  A gnoll (D:4)
1 creature vanquished.

Grand Total: 266 creatures vanquished

Notes
Turn   | Place    | Note
-------+----------+-------------------------------------------
     0 | D:1      | Silvore the Minotaur Fighter began the quest for the Orb.
     0 | D:1      | Reached XP level 1. HP: 19/19 MP: 0/0
   385 | D:1      | Reached XP level 2. HP: 27/27 MP: 1/1
  1285 | D:2      | Found a glowing golden altar of the Shining One.
  1305 | D:2      | Became a worshipper of the Shining One
  1347 | D:2      | Reached skill level 3 in Maces & Flails
  1424 | D:2      | Reached XP level 3. HP: 33/33 MP: 2/2
  2040 | D:3      | Found a faded altar of an unknown god.
  2105 | D:3      | Reached XP level 4. HP: 33/40 MP: 3/3
  2370 | D:3      | Reached skill level 4 in Maces & Flails
  2412 | D:3      | Reached skill level 1 in Dodging
  2412 | D:3      | Reached XP level 5. HP: 47/47 MP: 4/4
  2415 | D:3      | Noticed a phantom
  2421 | D:3      | Killed a phantom
  2422 | D:3      | Reached skill level 5 in Armour
  2592 | D:3      | Noticed an ogre
  2608 | D:3      | Killed an ogre
  2609 | D:3      | Reached skill level 5 in Maces & Flails
  2609 | D:3      | Reached XP level 6. HP: 20/53 MP: 5/5
  3079 | D:4      | Noticed Pikel
  3092 | D:4      | Killed Pikel
  3093 | D:4      | Reached skill level 5 in Fighting
  3093 | D:4      | Reached skill level 6 in Maces & Flails
  3093 | D:4      | Reached XP level 7. HP: 51/61 MP: 6/6
  3169 | D:4      | Reached * piety under the Shining One
  3175 | D:4      | Reached skill level 7 in Maces & Flails
  3213 | D:4      | Reached skill level 5 in Shields
  3456 | D:5      | Entered Level 5 of the Dungeon
  3514 | D:5      | Reached XP level 8. HP: 64/70 MP: 7/7
  3604 | D:5      | Found a staircase to the Ecumenical Temple.
  3618 | D:5      | Noticed Menkaure
  3628 | D:5      | Killed Menkaure
  3649 | Temple   | Entered the Ecumenical Temple
  3961 | D:5      | Reached skill level 8 in Maces & Flails
  4395 | D:5      | Found a blossoming altar of Fedhas.
  4607 | D:5      | Reached XP level 9. HP: 65/75 MP: 8/8
  4675 | D:6      | Found a runed translucent door.
  4682 | D:6      | Noticed brilapsti's ghost (novice DrCj)
  4712 | D:6      | Killed brilapsti's ghost
  4812 | D:6      | Reached skill level 9 in Maces & Flails
  4968 | D:6      | Reached ** piety under the Shining One
  5648 | D:7      | Reached skill level 10 in Maces & Flails
  5987 | D:8      | Reached XP level 10. HP: 70/84 MP: 9/9
  6072 | D:8      | Noticed a two-headed ogre
  6080 | D:8      | Killed a two-headed ogre
  6081 | D:8      | Reached skill level 10 in Shields
  6212 | D:8      | Noticed a two-headed ogre
  6238 | D:8      | Killed a two-headed ogre
  6239 | D:8      | Reached skill level 11 in Maces & Flails
  6627 | D:8      | Found a hide-covered altar of Uskayaw.
  6627 | D:8      | Noticed a +0 spear
  6628 | D:8      | Noticed a +0 falchion
  6628 | D:8      | Noticed a +0 spear
  6629 | D:8      | Noticed a +0 falchion
  6630 | D:8      | Noticed a +0 dagger
  6630 | D:8      | Noticed a +0 short sword
  6631 | D:8      | Noticed a +0 short sword
  6631 | D:8      | Noticed a +0 dagger
  6772 | D:8      | Found a shimmering blue altar of Sif Muna.
  6911 | D:9      | Reached skill level 12 in Maces & Flails
  7066 | D:9      | Found a staircase to the Lair.
  7197 | D:9      | Reached *** piety under the Shining One
  7474 | D:9      | Found a shimmering altar of Xom.
  7660 | D:10     | Entered Level 10 of the Dungeon
  7693 | D:10     | Reached XP level 11. HP: 91/95 MP: 10/10
  7948 | D:10     | Found a burning altar of Makhleb.
  7949 | D:10     | Found a radiant altar of Vehumet.
  8207 | D:10     | Noticed a two-headed ogre
  8220 | D:10     | Killed a two-headed ogre
  8287 | D:10     | Noticed Josephine
  8320 | D:10     | Killed Josephine
  8321 | D:10     | Reached skill level 13 in Maces & Flails
  8645 | D:11     | Paralysed by a hornet for 2 turns
  8926 | D:11     | Noticed a two-headed ogre
  8936 | D:11     | Killed a two-headed ogre
  8937 | D:11     | Reached skill level 5 in Dodging
  9656 | D:12     | Found a staircase to the Orcish Mines.
  9657 | D:12     | Reached **** piety under the Shining One
  9761 | D:12     | Reached skill level 10 in Armour
 10463 | D:12     | Reached XP level 12. HP: 91/106 MP: 11/11
 10539 | D:12     | Noticed a boulder beetle
 10606 | D:12     | HP: 2/106 [boulder beetle (18)]
 10610 | D:12     | Mangled by a boulder beetle

Illustrated notes

Levels and vault maps discovered:
D:1:      dpeg_arrival_oval, layout_loops_ring, hangedman_decor_clover_reticule,
          nicolae_wormholes
D:2:      layout_basic, basic_altar, corexii_leaking_fountain
D:3:      minmay_angry_zag, layout_rooms, nicolae_ecumenical_snake_handling,
          dk_noncrumbling_3
D:4:      layout_rooms, corexii_hall_statues_u, uniq_pikel
D:5:      layout_basic, mainiacjoe_overflow_catwalk, minmay_temple_entry_hall,
          uniq_menkaure
D:6:      layout_rooms, hellmonk_ghost_happy_afterlife
D:7:      layout_gridville
D:8:      layout_basic, hellmonk_sif_muna_bookshelves,
          nicolae_uskayaw_en_pointe, chequers_mini_garden, minmay_diced_spiral
D:9:      layout_loops_cross, mainiacjoe_overflow_24_doors, lair_entry_dummy
D:10:     layout_rooms, grunt_temple_overflow_lords_of_destruction,
          uniq_josephine
D:11:     layout_long_grid
D:12:     layout_basic, david_orc_5
Temple:   lightli_temple_of_artemis

Skill      XL: |  1  2  3  4  5  6  7  8  9 10 11 |
---------------+----------------------------------+-----
Armour         | 4 5 6 7 8 10 | 10.1
Fighting       | 4 5 6 8 9 |  9.7
Maces & Flails | 3 4 5 6 7 8 10 12 13 | 13.9
Shields        | 4 5 7 9 11 12 | 12.9
Dodging        | 1 2 4 5 |  5.1
Stealth        | |  0.9

Action                     |  1- 3 |  4- 6 |  7- 9 | 10-12 || total
---------------------------+-------+-------+-------+-------++-------
  Melee: Flail             |    12 |       |       |       ||    12
         Mace              |    76 |    56 |   297 |   490 ||   919
         Headbutt          |    10 |    15 |    86 |   163 ||   274
    Use: Scroll            |     6 |     1 |    10 |     4 ||    21
         Potion            |       |       |     1 |     1 ||     2
 Armour: Scale mail        |    70 |    33 |    14 |       ||   117
         Chain mail        |       |       |   134 |   189 ||   323
  Dodge: Dodged            |    32 |    12 |    91 |   178 ||   313
  Block: Buckler           |    12 |       |       |       ||    12
         Kite shield       |    10 |    30 |   271 |   403 ||   714
         Reflection        |       |     1 |     6 |    10 ||    17
